 Dungeon Crawl Stone Soup version 0.21.1-1-g345015f (webtiles) character file.

340 juanjsm the Sneak (level 6, 0/30 HPs)
             Began as a Spriggan Enchanter on Feb 14, 2018.
             Slain by a killer bee (6 damage)
             ... on level 3 of the Dungeon.
             The game lasted 00:13:35 (2785 turns).

juanjsm the Sneak (Spriggan Enchanter)              Turns: 2785, Time: 00:13:36

Health: 0/30       AC:  2    Str:  2 (4)  XL:     6   Next: 30%
Magic:  1/13       EV: 26    Int: 17 (19) God:
Gold:   119        SH:  0    Dex: 20 (21) Spells: 4/13 levels left

rFire    . . .     SeeInvis +   a - +1 dagger
rCold    . . .     Gourm    .   (shield restricted)
rNeg     . . .     Faith    .   b - +0 robe
rPois    .         Spirit   .   (helmet restricted)
rElec    .         Reflect  .   (no cloak)
rCorr    .         Harm     .   (gloves unavailable)
MR       +....                  (boots unavailable)
Stlth    ++++......             (no amulet)
HPRegen  0.10/turn              (no ring)
MPRegen  0.13/turn              (no ring)

@: agile, flying, very quick
A: very small, unfitting armour, see invisible, herbivore, speed 3, slow
metabolism 2
a: no special abilities


You were on level 3 of the Dungeon.
You were not hungry.

You visited 1 branch of the dungeon, and saw 3 of its levels.

You collected 119 gold pieces.

Inventory:

Hand Weapons
 a - a +1 dagger (weapon)
Armour
 b - a +0 robe (worn)
Jewellery
 t - a cursed ring of see invisible {unknown}
Wands
 s - a wand of scattershot (5)
Scrolls
 f - 4 scrolls of identify {unknown}
 h - 2 scrolls of teleportation {unknown}
 i - a scroll of remove curse {unknown}
 j - 2 scrolls of enchant weapon {unknown}
 n - a scroll of magic mapping {unknown}
 r - a scroll of amnesia {unknown}
Potions
 e - a potion of agility
 g - a potion of invisibility {unknown}
 k - a potion of flight
 l - a potion of curing {unknown}
 m - a potion of berserk rage {unknown}
 o - a potion of degeneration
 p - 2 potions of might {unknown}
 q - a potion of haste {unknown}
Books
 c - a book of Maledictions

   Spells                             Type                      Level
   a - Corona                         Hexes                        1
   b - Ensorcelled Hibernation        Hexes/Ice                    2
   c - Confuse                        Hexes                        3
   d - Tukima's Dance                 Hexes                        3
   e - Dazzling Spray                 Conjuration/Hexes            3


   Skills:
 + Level 1.8 Fighting
 + Level 2.9 Short Blades
 + Level 4.8 Dodging
 + Level 5.9 Stealth
 + Level 4.0 Spellcasting
 + Level 4.8 Hexes


You had 4 spell levels left.
You knew the following spells:

 Your Spells              Type           Power        Failure   Level  Hunger
a - Corona                Hex            ###....      1%          1    None
b - Ensorcelled Hibernat  Hex/Ice        ##....       9%          2    ##.....
c - Confuse               Hex            ###.....     6%          3    ###....
d - Dazzling Spray        Conj/Hex       ##....       17%         3    ###....


Dungeon Overview and Level Annotations

Branches:
Dungeon (3/15)

Altars:
Cheibriados
Kikubaaqudgha
Nemelex Xobeh


Innate Abilities, Weirdness & Mutations

You are very small and have problems with some larger weapons.
You are too small for most types of armour.
You have supernaturally acute eyesight. (SInv)
You are a herbivore.
You cover ground extremely quickly.
You need consume almost no food.


Message History

Aim: a killer bee (chance to defeat MR: 51%)
The killer bee looks drowsy...
The killer bee misses you. The killer bee barely misses you.
The helpless killer bee fails to defend itself.
You impale the killer bee!!
You kill the killer bee!
The killer bee misses you.
It was a potion of agility.
You feel agile all of a sudden. The killer bee closely misses you. x2
It was a potion of flight.
You feel very buoyant.
You fly up into the air.
The killer bee stings you but does no damage.
The killer bee completely misses you.
It was a potion of degeneration.
There was something very wrong with that liquid.
You feel weakened.
You feel dopey.
You feel clumsy. The killer bee stings you.
You die...

..........#.#........
..#........#.#........
..#.####.#.#.#........
#..(.....##.....#........
#....#........#.#..))....
#....#...................
#..............>.........
#......#†#.##...#....)...
#......#@y......#........
.......####.#...#........
#.......)y......##......†
#........##y....####.....
#............#### #.....
#............# . #.....
#............# #.#.....
#.........y..# #.......
#........#.### ###.....


You could see a killer bee.

Vanquished Creatures
  3 killer bees (D:3)
  An orc priest (D:3)
  An orc wizard (D:3)
  Ijyb (D:3)
  2 adders
  2 oozes
  A worm (D:2)
  2 dart slugs
  3 leopard geckos
  12 orcs (D:3)
  3 ball pythons (D:3)
  10 bats
  2 giant cockroaches
  3 goblins
  9 hobgoblins
  4 jackals (D:3)
  A quokka (D:3)
  6 frilled lizards
  11 kobolds
  6 rats
83 creatures vanquished.

Notes
Turn   | Place    | Note
-------+----------+-------------------------------------------
     0 | D:1      | juanjsm the Spriggan Enchanter began the quest for the Orb.
     0 | D:1      | Reached XP level 1. HP: 9/9 MP: 5/5
   151 | D:1      | Reached XP level 2. HP: 7/13 MP: 3/6
   155 | D:1      | Learned a level 2 spell: Ensorcelled Hibernation
   741 | D:2      | Found a snail-covered altar of Cheibriados.
   764 | D:2      | Reached XP level 3. HP: 13/17 MP: 4/8
   769 | D:2      | Learned a level 3 spell: Confuse
  1041 | D:2      | Found a sparkling altar of Nemelex Xobeh.
  1530 | D:3      | Found an ancient bone altar of Kikubaaqudgha.
  1554 | D:3      | Reached skill level 1 in Fighting
  1653 | D:3      | Reached skill level 5 in Stealth
  1684 | D:3      | Reached XP level 4. HP: 13/22 MP: 5/9
  1774 | D:3      | Noticed Ijyb
  1801 | D:3      | Learned a level 3 spell: Dazzling Spray
  2150 | D:3      | Reached XP level 5. HP: 23/25 MP: 3/11
  2392 | D:3      | Killed Ijyb
  2780 | D:3      | Reached XP level 6. HP: 6/30 MP: 2/13
  2785 | D:3      | Slain by a killer bee

Skill      XL: |  1  2  3  4  5 |
---------------+----------------+-----
Spellcasting   | 3 4 |  4.0
Hexes          | 4 |  4.8
Fighting       | 1 |  1.8
Stealth        | 5 |  5.9
Short Blades   | 2 |  2.9
Dodging        | 4 |  4.8

Action                   |  1- 3 |  4- 6 || total
-------------------------+-------+-------++-------
Melee: Dagger            |   160 |    98 ||   258
 Cast: Corona            |     5 |       ||     5
       Ensorcelled Hiber |    36 |    35 ||    71
       Confuse           |       |     4 ||     4
       Dazzling Spray    |       |     1 ||     1
  Use: Potion            |       |     3 ||     3
 Stab: Sleeping          |    34 |    22 ||    56
       Confused          |       |     3 ||     3
       Invisible         |       |     1 ||     1
  Eat: Ration            |     1 |     1 ||     2
Armor: Robe              |    13 |    15 ||    28
Dodge: Dodged            |   145 |   128 ||   273
